 Dungeon Crawl Stone Soup version 0.29-a0-550-g81e455f4c2 (webtiles) character file.

Game seed: 7811879131290297845

7032 nfewl the Covert (level 10, -7/47 HPs)
             Began as a Spriggan Enchanter on June 5, 2022.
             Killed by divine providence
             ... invoked by an orc priest
              (13 damage)
             ... on level 9 of the Dungeon.
             The game lasted 00:21:24 (9896 turns).

nfewl the Covert (Spriggan Enchanter)               Turns: 9896, Time: 00:21:26

Health: -7/47      AC:  8    Str: 10    XL:     10   Next: 82%
Magic:  4/28       EV: 19    Int: 20    God:
Gold:   311        SH:  0    Dex: 17    Spells: 20/31 levels left

rFire   . . .      SeeInvis +   x - +6 dagger
rCold   . . .      Faith    .   (no shield)
rNeg    + + .      Spirit   .   q - +1 robe "Kuafe" {rN+ Will+ Int+4}
rPois   .          Reflect  .   u - +2 hat
rElec   .          Harm     .   f - +2 cloak
rCorr   .          Rampage  .   (gloves unavailable)
Will    ++...                   (boots unavailable)
Stlth   ++++++....              z - amulet of regeneration
HPRegen 0.95/turn               r - ring of positive energy
MPRegen 0.21/turn               (no ring)

@: very quick
A: very small, no large weapons, unfitting armour, see invisible, speed 3, high
MP 1, strong 1
a: no special abilities


You were on level 9 of the Dungeon.
You visited 2 branches of the dungeon, and saw 10 of its levels.
You also visited: Sewer.

You collected 479 gold pieces.
You spent 168 gold pieces at shops.

Inventory:

Hand Weapons
 a - a +1 vampiric dagger
 d - a +1 dagger of venom
 x - a +6 dagger (weapon)
Armour
 b - +0 steam dragon scales
 f - a +2 cloak (worn)
 q - the +1 robe "Kuafe" (worn) {rN+ Will+ Int+4}
   (You found it on level 3 of the Dungeon)

   Int:       It affects your intelligence (+4).
   rN:        It protects you from negative energy.
   Will:      It increases your willpower.
 u - a +2 hat (worn)
Jewellery
 p - a ring of ice
 r - a ring of positive energy (left hand)
 z - an amulet of regeneration (around neck)
Wands
 t - a wand of flame (17)
 v - a wand of iceblast (19)
Scrolls
 o - 2 scrolls of blinking
 s - 2 scrolls of teleportation
 y - 2 scrolls of fear
 A - a scroll of identify
Potions
 c - a potion of flight
 e - 2 potions of berserk rage
 g - 2 potions of haste
 h - a potion of magic
 i - a potion of mutation
 j - a potion of ambrosia
 k - a potion of invisibility
 m - 6 potions of heal wounds
 n - 6 potions of curing
 w - a potion of resistance


   Skills:
 + Level 2.7 Fighting
 + Level 4.1 Short Blades
 + Level 5.3 Dodging
 + Level 13.6 Stealth
 + Level 11.3 Spellcasting
 + Level 11.5 Hexes


You had 20 spell levels left.
You knew the following spells:

 Your Spells              Type           Power      Damage    Failure   Level
a - Ensorcelled Hibernat  Hex/Ice        68%        N/A       1%          2
b - Tukima's Dance        Hex            55%        N/A       1%          3
c - Dazzling Flash        Conj/Hex       68%        N/A       1%          3
d - Confusing Touch       Hex            55%        N/A       1%          3

Your spell library contained the following spells:

 Spells                   Type           Power      Damage    Failure   Level
 Anguish                  Hex/Necr       17%        N/A       5%          4
 Fulminant Prism          Conj/Hex       17%        3d11      5%          4
 Magic Dart               Conj           44%        1d5       6%          1
 Searing Ray              Conj           22%        2d5       10%         2
 Enfeeble                 Hex            27%        N/A       41%         7


Dungeon Overview and Level Annotations

Branches:
Dungeon (9/15)             Temple (1/1) D:4           Sewer (visited)
   Lair: D:8-11         Orc: D:9-12

Altars:
Ashenzari
Cheibriados
Elyvilon
Fedhas
Hepliaklqana
Kikubaaqudgha
Makhleb
Nemelex Xobeh
Okawaru
Qazlal
Ru
Sif Muna
Uskayaw
Vehumet
Wu Jian
Xom
Zin
The Shining One
Lugonu

Shops:
D:6 ?

Annotations:
D:8 exclusion: ice statue


Innate Abilities, Weirdness & Mutations

You are very small and have problems with some larger weapons.
You are too small for most types of armour.
You have supernaturally acute eyesight. (SInv)
You cover ground extremely quickly. (Speed+++)
You have an increased reservoir of magic. (+10% MP)
Your muscles are strong. (Str +2)


Message History

Casting: Ensorcelled Hibernation (safe; 1% risk of failure)
Confirm with . or Enter, or press ? or * to list all spells.
Aiming: Ensorcelled Hibernation (safe; 1% risk of failure)
Press: ? - help, Shift-Dir - straight line, f/p - orc priest
Aim: an orc priest (ally target, chance to affect: 62%)
The orc priest resists with significant effort.
The orc priest mumbles some strange prayers to Beogh against you.
Beogh smites you!
The orc priest invokes the aid of Beogh against you.
Beogh smites you! The orc warrior completely misses you.
Your +0 scimitar closely misses the orc warrior.
Casting: Ensorcelled Hibernation (safe; 1% risk of failure)
Confirm with . or Enter, or press ? or * to list all spells.
Aiming: Ensorcelled Hibernation (safe; 1% risk of failure)
Press: ? - help, Shift-Dir - straight line, f/p - orc priest
Aim: an orc priest (ally target, chance to affect: 62%)
The orc priest resists with significant effort.
Your +0 hand axe hits the wyvern.
The orc priest misses you. The orc warrior hits you!
* * * LOW HITPOINT WARNING * * *
Casting: Ensorcelled Hibernation (safe; 1% risk of failure)
Confirm with . or Enter, or press ? or * to list all spells.
Aiming: Ensorcelled Hibernation (safe; 1% risk of failure)
Press: ? - help, Shift-Dir - straight line, f/p - orc priest
Aim: an orc priest (ally target, chance to affect: 62%)
The orc priest looks drowsy...
Your +0 scimitar barely misses the orc warrior.
Your +0 hand axe hits the wyvern.
The orc priest closely misses you. The orc warrior hits you.
* * * LOW HITPOINT WARNING * * *
You are too injured to fight recklessly!
Unknown command.
The helpless orc priest fails to defend itself.
You stick the orc priest like a pincushion!!!!
You kill the orc priest!
Your +0 scimitar hits the orc warrior.
The orc warrior hits you but does no damage.
The orc priest invokes the aid of Beogh against you.
Beogh smites you!
You die...

#.#...........###..#
#..##..........# .####
..#...........####....#
#...†.................#
##.††..........#....$.#
##.....##...........#
##............).#
#...............###
#.....##.....[.@l.#
##.......####..oo.(>...
.....#.....# #....(.....
....###.....#.....#.....
##..# #.................
#..# ##................
#.## #............[...
.. .........#....... ##
.........


You could see an orc warrior (ally target), a wyvern, an orc priest and 2
friendly dancing weapons.

Vanquished Creatures
  A hydra (D:7)
  2 two-headed ogres (D:9)
  2 hornets (D:8)
  Prince Ribbit (D:5)
  Sigmund (D:3)
  8 yaks
  Menkaure (D:5)
  A steam dragon (D:6)
  An acid dragon (D:9)
  2 water moccasins (D:6)
  A black bear (D:6)
  An ice beast (D:7)
  6 sky beasts
  2 ogres
  3 centaurs
  A phantom (D:5)
  2 bullfrogs
  A gnoll sergeant (D:7)
  A scorpion (D:5)
  4 wights (D:6)
  An electric eel (D:8)
  2 howler monkeys
  A hound (D:6)
  A jelly (D:6)
  3 orc priests
  A gnoll shaman (D:6)
  Ijyb (D:5)
  3 iguanas
  5 orc wizards
  16 adders
  A river rat (Sewer)
  A shadow imp (D:6)
  4 white imps
  An ufetubus (D:6)
  3 worms (D:2)
  2 dart slugs (D:1)
  24 orcs
  9 ball pythons
  7 endoplasms
  2 giant cockroaches
  4 goblins
  4 hobgoblins
  10 kobolds
  7 quokkas
  3 bats
  10 frilled lizards
  11 rats
179 creatures vanquished.

Vanquished Creatures (collateral kills)
  5 wights (D:6)
  2 jellies (D:7)
  4 orcs
11 creatures vanquished.

Vanquished Creatures (others)
  3 dancing weapons
  4 fungi (D:7)
7 creatures vanquished.

Grand Total: 197 creatures vanquished

Notes
Turn   | Place    | Note
-------+----------+-------------------------------------------
     0 | D:1      | nfewl the Spriggan Enchanter began the quest for the Orb.
     0 | D:1      | Reached XP level 1. HP: 9/9 MP: 5/5
   316 | D:1      | Reached XP level 2. HP: 13/13 MP: 7/7
   376 | D:1      | Found a faded altar of an unknown god.
   380 | D:1      | Learned a level 2 spell: Ensorcelled Hibernation
   803 | D:1      | Reached XP level 3. HP: 16/16 MP: 9/9
  1332 | D:2      | Learned a level 3 spell: Tukima's Dance
  1336 | D:2      | Learned a level 3 spell: Confusing Touch
  1517 | D:2      | You fall into a shaft and drop 1 floor!
  1562 | D:3      | Found a glowing drain.
  1581 | Sewer    | Entered a sewer
  1843 | Sewer    | Reached skill level 5 in Hexes
  1843 | Sewer    | Reached XP level 4. HP: 21/21 MP: 11/11
  2521 | D:3      | Reached skill level 5 in Spellcasting
  2521 | D:3      | Reached XP level 5. HP: 21/24 MP: 11/13
  2663 | D:3      | Identified the +1 robe "Kuafe" {rN+ Will+ Int+4}
  2715 | D:3      | Identified the +4 hand axe of Oded {protect, rF+ Int+3}
  2740 | D:3      | Noticed Sigmund
  2746 | D:3      | Killed Sigmund
  2747 | D:3      | Reached skill level 5 in Stealth
  2747 | D:3      | Reached XP level 6. HP: 25/28 MP: 13/15
  3013 | D:2      | Reached skill level 6 in Stealth
  3800 | D:4      | Identified the +5 whip of Dalosh {elec, *Rage rPois Int+2}
  4014 | D:4      | Found a staircase to the Ecumenical Temple.
  4023 | Temple   | Entered the Ecumenical Temple
  4176 | D:4      | Identified the +1 trident "Widowmaker" {freeze, Fly Will++
                  | MP+9 Stlth+}
  4398 | D:4      | HP: 1/28 [ogre/+0 giant club (27)]
  4403 | D:4      | Reached XP level 7. HP: 2/32 MP: 17/17
  5058 | D:5      | Entered Level 5 of the Dungeon
  5066 | D:5      | Gained mutation: Your muscles are strong. (Str +2) [potion
                  | of mutation]
  5066 | D:5      | Gained mutation: You have an increased reservoir of magic.
                  | (+10% MP) [potion of mutation]
  5242 | D:5      | Noticed Ijyb
  5253 | D:5      | Killed Ijyb
  5384 | D:5      | Reached skill level 7 in Stealth
  5453 | D:5      | Noticed Menkaure
  5468 | D:5      | Killed Menkaure
  5633 | D:5      | Noticed Prince Ribbit
  5653 | D:5      | Killed Prince Ribbit
  5654 | D:5      | Reached skill level 8 in Stealth
  5654 | D:5      | Reached XP level 8. HP: 25/36 MP: 12/22
  6129 | D:6      | Reached skill level 9 in Stealth
  6165 | D:6      | Found Qeoteitt's Magic Scroll Shoppe.
  6188 | D:6      | Bought 3 scrolls of identify for 78 gold pieces
  6251 | D:6      | Found Zin's Purification Station.
  6254 | D:6      | Found a glowing silver altar of Zin.
  6286 | D:6      | Reached skill level 10 in Stealth
  6291 | D:6      | Bought a potion of curing for 90 gold pieces
  6775 | D:6      | Reached XP level 9. HP: 34/39 MP: 21/25
  7323 | D:7      | Found an ornate altar of the Wu Jian Council.
  7364 | D:7      | Reached skill level 11 in Stealth
  7364 | D:7      | Noticed a five-headed hydra
  7400 | D:7      | Found an iron altar of Okawaru.
  7912 | D:6      | Reached skill level 10 in Hexes
  8387 | D:7      | Killed a five-headed hydra
  8388 | D:7      | Reached skill level 12 in Stealth
  8388 | D:7      | Reached skill level 10 in Spellcasting
  8543 | D:7      | Found a sparkling altar of Nemelex Xobeh.
  8639 | D:7      | Found a hazy altar of Hepliaklqana.
  8669 | D:7      | Found an ancient bone altar of Kikubaaqudgha.
  8671 | D:7      | Found a radiant altar of Vehumet.
  8697 | D:7      | Reached XP level 10. HP: 35/44 MP: 25/28
  9142 | D:8      | Reached skill level 1 in Fighting
  9295 | D:8      | Reached skill level 13 in Stealth
  9425 | D:8      | Noticed an ice statue
  9546 | D:8      | Learned a level 3 spell: Dazzling Flash
  9865 | D:9      | Noticed a two-headed ogre
  9869 | D:9      | Noticed a two-headed ogre
  9875 | D:9      | Killed a two-headed ogre
  9876 | D:9      | Reached skill level 5 in Dodging
  9880 | D:9      | Killed a two-headed ogre
  9896 | D:9      | Killed from afar by an orc priest

Illustrated notes

Levels and vault maps discovered:
D:1:      minmay_arrival_shattered_statue, layout_loops_ring,
          shapermc_ecumenical_altar_totnotflames
D:2:      layout_basic, minmay_unequal
D:3:      layout_loops_ring, portal_sewer_entry_d, uniq_sigmund
D:4:      layout_loops_corners, minmay_temple_entry_steel_oval
D:5:      layout_rooms, uniq_menkaure, uniq_prince_ribbit1, uniq_ijyb
D:6:      layout_basic, zin_purify, serial_shops, nicolae_shop_statue_plus,
          st_stairs_5
D:7:      hangedman_cross_stitches, layout_cave_pools,
          nicolae_hepliaklqana_hippocampus, mainiacjoe_overflow_24_doors,
          kennysheep_little_box, mainiacjoe_overflow_boulevard,
          mainiacjoe_overflow_big_doors, bh_walls_and_bars
D:8:      minmay_separated_statues, layout_basic
D:9:      layout_cave_pools, lemuel_zombie_altar_yredelemnul,
          ebering_ghost_rock_garden, uniq_pikel
Temple:   kb_corrupted_temple

Skill      XL: |  1  2  3  4  5  6  7  8  9 10 |
---------------+-------------------------------+-----
Spellcasting   | 3 4 5 6 7 8 10 11 | 11.3
Hexes          | 4 5 6 7 9 10 11 | 11.5
Stealth        | 5 6 8 10 12 13 | 13.6
Dodging        | 3 5 |  5.3
Fighting       | 2 |  2.7
Short Blades   | 4 |  4.1

Action                   |  1- 3 |  4- 6 |  7- 9 | 10-12 || total
-------------------------+-------+-------+-------+-------++-------
Melee: Dagger            |    79 |   144 |   228 |    37 ||   488
       Punch             |       |     1 |     6 |       ||     7
 Cast: Ensorcelled Hiber |     6 |     4 |    51 |    22 ||    83
       Confusing Touch   |       |       |     9 |       ||     9
       Tukima's Dance    |       |       |    17 |     4 ||    21
  Use: Potion            |     2 |       |     3 |       ||     5
       Scroll            |     5 |     7 |    16 |     3 ||    31
 Stab: Sleeping          |    14 |    16 |    33 |    22 ||    85
       Invisible         |     2 |       |       |       ||     2
       Confused          |       |       |     8 |       ||     8
       Distracted        |       |       |     1 |       ||     1
Armor: Robe              |     8 |    24 |    65 |     4 ||   101
Dodge: Dodged            |    58 |    91 |   221 |    37 ||   407

Table legend: (Time is in decaauts)
 A = Elapsed time spent in this place.
 B = Non-inter-level travel time spent in this place.
 C = Inter-level travel time spent in this place.
 D = Time resting spent in this place.
 E = Time spent auto-exploring this place.
 F = Levels seen in this place.
 G = Mean time per level.
                   A        B        C        D        E       F      G
               +--------+--------+--------+--------+--------+-----+--------+
         Total |   7766 |   7607 |    159 |    996 |   5146 |  11 |  706.0 |
       Dungeon |   7186 |   7038 |    148 |    996 |   4743 |   9 |  798.4 |
        Temple |     69 |     58 |     11 |      0 |     46 |   1 |   69.0 |
         Sewer |    509 |    509 |      0 |      0 |    356 |   1 |  509.0 |
               +--------+--------+--------+--------+--------+-----+--------+

Top non-repeatable levels by time:
     D:6: 1789 daAuts
     D:3: 935 daAuts
     D:4: 868 daAuts
     D:7: 866 daAuts
     D:1: 816 daAuts
     D:5: 729 daAuts
     D:2: 619 daAuts
   Sewer: 509 daAuts
     D:8: 437 daAuts
     D:9: 124 daAuts
  Temple: 69 daAuts
